 Dungeon Crawl Stone Soup version 0.27-a0-1525-g1038ab4fd7 (webtiles) character file.

Game seed: 7024102099388656713

4 mandarbmax the Caller (level 1, 0/10 HPs)
             Began as a Tengu Summoner on July 10, 2021.
             Slain by a kobold (4 damage)
             ... on level 1 of the Dungeon.
             The game lasted 00:01:06 (493 turns).

mandarbmax the Caller (Tengu Summoner)               Turns: 493, Time: 00:01:07

Health: 0/10       AC:  2    Str:  8    XL:     1   Next: 70%
Magic:  2/4        EV: 12    Int: 15    God:
Gold:   21         SH:  0    Dex: 14    Spells: 3/4 levels left

rFire    . . .     SeeInvis .   (no weapon)
rCold    . . .     Faith    .   (no shield)
rNeg     . . .     Spirit   .   a - +0 robe
rPois    .         Reflect  .   (helmet restricted)
rElec    .         Harm     .   (no cloak)
rCorr    .         Rampage  .   (no gloves)
Will     .....                  (boots unavailable)
Stlth    ++........             (no amulet)
HPRegen  0.03/turn              (no ring)
MPRegen  0.09/turn              (no ring)

@: no status effects
A: beak, talons 3
a: no special abilities


You were on level 1 of the Dungeon.
You visited 1 branch of the dungeon, and saw 1 of its levels.

You collected 21 gold pieces.

Inventory:

Armour
 a - a +0 robe (worn)
Scrolls
 b - a scroll of enchant armour {unknown}
 c - a scroll of identify {unknown}
Potions
 d - a potion of ambrosia {unknown}


   Skills:
 - Level 2.1 Dodging
 - Level 2.0 Stealth
 - Level 2.0 Spellcasting
 + Level 5.1 Summonings


You had 3 spell levels left.
You knew the following spells:

 Your Spells              Type           Power      Damage    Failure   Level
a - Summon Small Mammal   Summ           68%        N/A       2%          1

Your spell library contained the following spells:

 Spells                   Type           Power      Damage    Failure   Level
 Call Imp                 Summ           17%        N/A       4%          2
 Call Canine Familiar     Summ           17%        N/A       8%          3
 Summon Guardian Golem    Hex/Summ       9%         N/A       22%         3
 Summon Lightning Spire   Summ/Air       9%         N/A       58%         4


Dungeon Overview and Level Annotations

Branches:
Dungeon (1/15)

Altars:


Innate Abilities, Weirdness & Mutations

You have a beak for a mouth.
You have claws for feet.


Message History

You swap places.
Your quokka barely misses the kobold.
You barely miss the kobold.
The bat hits your quokka but does no damage.
Your quokka misses the kobold.
The kobold hits you with a +0 short sword.
The bat hits your quokka but does no damage.
The bat barely misses your quokka.
Your quokka bites the kobold but does no damage.
The bat closely misses your quokka.
Your quokka misses the kobold. The kobold barely misses you.
The bat closely misses your quokka.
The bat hits your quokka but does no damage. x2
Your quokka bites the kobold.
The kobold closely misses you.
You barely miss the kobold.
The kobold is moderately wounded.
The bat closely misses your quokka.
The bat hits your quokka but does no damage.
The bat hits your quokka.
Your quokka barely misses the kobold.
The kobold hits you with a +0 short sword.
You hit the kobold. Your kick misses the kobold.
The kobold is heavily wounded.
The bat hits your quokka but does no damage.
The bat misses your quokka.
Your rat closely misses the kobold.
The bat barely misses your quokka.
Your quokka misses the bat. The kobold barely misses you.
You hit the kobold but do no damage.
The kobold is moderately wounded.
The bat hits your quokka. The bat misses your quokka.
Your rat bites the kobold but does no damage.
The bat hits your quokka.
Your quokka bites the bat.
The kobold barely misses you.
You hit the kobold but do no damage.
The kobold is moderately wounded.
The bat hits your quokka but does no damage. x2
Your quokka bites the bat.
The bat dies!
Your rat misses the kobold.
Your quokka closely misses the kobold.
The kobold hits you with a +0 short sword.
You die...

... .. .. #. #. #
######## #†###.#
#####......†
#rK@..###.......####
##r####......###....
#r.##....###.......
##r##...#......####
#.#...#.....###
#.#...#...†##
####.#...#....##
#....#...#.....###
#....##..†#......####


You could see a kobold (ally target), 2 friendly quokkas and a friendly rat
(summoned).

Vanquished Creatures
  A hobgoblin (D:1)
  A bat (D:1)
2 creatures vanquished.

Vanquished Creatures (collateral kills)
  3 bats (D:1)
  A hobgoblin (D:1)
4 creatures vanquished.

Grand Total: 6 creatures vanquished

Notes
Turn   | Place    | Note
-------+----------+-------------------------------------------
     0 | D:1      | mandarbmax the Tengu Summoner began the quest for the Orb.
     0 | D:1      | Reached XP level 1. HP: 10/10 MP: 4/4
    57 | D:1      | Reached skill level 5 in Summonings
   493 | D:1      | Slain by a kobold

Illustrated notes

Levels and vault maps discovered:
D:1:      dpeg_arrival_oval, layout_basic, serial_shops, nicolae_diamond_shop

Skill      XL: |  1 |
---------------+----+-----
Summonings     | 5 |  5.1
Dodging        | |  2.1
Stealth        | |  2.0
Spellcasting   | |  2.0

Action                   || total
-------------------------++-------
Melee: Unarmed           ||    33
       Peck              ||     4
       Kick              ||     2
 Cast: Summon Small Mamm ||    11
 Stab: Sleeping          ||     1
Armor: Robe              ||    17
Dodge: Dodged            ||    47

Table legend: (Time is in decaauts)
 A = Elapsed time spent in this place.
 B = Non-inter-level travel time spent in this place.
 C = Inter-level travel time spent in this place.
 D = Time resting spent in this place.
 E = Time spent auto-exploring this place.
 F = Levels seen in this place.
 G = Mean time per level.
                   A        B        C        D        E       F      G
               +--------+--------+--------+--------+--------+-----+--------+
         Total |    493 |    493 |      0 |    196 |    219 |   1 |  493.0 |
       Dungeon |    493 |    493 |      0 |    196 |    219 |   1 |  493.0 |
               +--------+--------+--------+--------+--------+-----+--------+

Top non-repeatable levels by time:
     D:1: 493 daAuts
